 Dungeon Crawl Stone Soup version 0.27-a0-1140-g099f9bb0e8 (webtiles) character file.

Game seed: 16141758489280979666

135 Goblin1989 the Ruffian (level 4, -4/45 HPs)
             Began as a Troll Fighter on May 10, 2021.
             Slain by Sigmund
             ... wielding a +0 scythe
              (10 damage)
             ... on level 3 of the Dungeon.
             The game lasted 00:04:30 (1807 turns).

Goblin1989 the Ruffian (Troll Fighter)              Turns: 1807, Time: 00:04:30

Health: -4/45      AC:  4    Str: 24    XL:     4   Next: 96%
Magic:  3/3        EV:  8    Int:  4    God:
Gold:   110        SH:  0    Dex: 10    Spells: 3/3 levels left

rFire    . . .     SeeInvis .     - Unarmed
rCold    . . .     Faith    .   b - +0 kite shield
rNeg     . . .     Spirit   .   a - +0 robe
rPois    .         Reflect  .   (helmet restricted)
rElec    .         Harm     .   (no cloak)
rCorr    .         Rampage  .   (gloves unavailable)
Will     .....                  (boots unavailable)
Stlth    +.........             (no amulet)
HPRegen  1.15/turn              (no ring)
MPRegen  0.08/turn              (no ring)

@: confused, mighty, brilliant, flying, hasted, very quick
A: large, unfitting armour, claws 3, regeneration 1, shaggy fur 1, tough skin 1
a: no special abilities


You were on level 3 of the Dungeon.
You visited 1 branch of the dungeon, and saw 3 of its levels.

You collected 110 gold pieces.

Inventory:

Armour
 a - a +0 robe (worn)
 b - a +0 kite shield (worn)
Scrolls
 d - a scroll of magic mapping {unknown}
 f - 2 scrolls of teleportation {unknown}
 g - 3 scrolls of enchant weapon {unknown}
 h - 5 scrolls of identify {unknown}
 i - a scroll of noise {unknown}
 j - a scroll of enchant armour {unknown}
 m - a scroll of amnesia {unknown}


   Skills:
 + Level 3.0 Fighting
 + Level 3.0 Dodging
 + Level 3.0 Shields
 * Level 3.5 Unarmed Combat


You had 3 spell levels left.
You didn't know any spells.
Your spell library was empty.

Dungeon Overview and Level Annotations

Branches:
Dungeon (3/15)

Altars:

Annotations:
D:3 Sigmund


Innate Abilities, Weirdness & Mutations

You are too large for most types of armour.
You have claws for hands.
Your natural rate of healing is unusually fast.
You are covered in fur. (AC +1)
You have tough skin. (AC +1)


Message History

Health restored: 45 You climb downwards.
Level annotation: Sigmund You block the orc's attack.
Sigmund hits you from afar with a +0 scythe.
Sigmund hits you from afar with a +0 scythe!
The orc hits you with a +0 flail.
There is a stone staircase leading up, spattered with blood here.
You take 16 damage, and have 29/45 hp.
MASSIVE DAMAGE!!
Unknown command.
The orc hits you with a +0 flail. Sigmund gestures at you while chanting.
You resist with some effort.
You climb upwards.
There is a stone staircase leading down, spattered with blood here.
Things that are here:
a +0 club; a goblin corpse You take 4 damage, and have 25/45 hp.
Unknown command.
You are too injured to fight recklessly!
You are too injured to fight recklessly!
You are too injured to fight recklessly!
You are too injured to fight recklessly!
You are too injured to fight recklessly!
You are too injured to fight recklessly!
You are too injured to fight recklessly!
You are too injured to fight recklessly!
You are too injured to fight recklessly!
You are too injured to fight recklessly!
You are too injured to fight recklessly!
You are too injured to fight recklessly!
You are too injured to fight recklessly!
You are too injured to fight recklessly!
You are too injured to fight recklessly!
You are too injured to fight recklessly!
You are too injured to fight recklessly!
You are too injured to fight recklessly!
You are too injured to fight recklessly!
You are too injured to fight recklessly!
You are too injured to fight recklessly!
You are too injured to fight recklessly!
You barely miss the orc. The orc closely misses you.
You regained 2 hp, and now have 27/45 hp.
You completely miss the orc. The orc hits you with a +0 flail.
You take 4 damage, and have 23/45 hp.
You claw the orc!
You kill the orc!
Things that are here:
a +0 flail; a +0 leather armour; a +0 whip You regained 2 hp, and now have 26/45 hp.
Things that are here:
a +0 flail; a +0 leather armour; a +0 whip You start resting.
HP restored.
Health restored: 45 You can't go down here!
There is a stone staircase leading down, spattered with blood here.
Things that are here:
a +0 club; a goblin corpse You climb downwards.
Level annotation: Sigmund
There is a stone staircase leading up, spattered with blood here.
Sigmund hits you with a +0 scythe!
Found a grey potion.
You take 14 damage, and have 31/45 hp.
MASSIVE DAMAGE!!
You scratch Sigmund.
Sigmund is lightly wounded.
Sigmund hits you with a +0 scythe!
You take 9 damage, and have 22/45 hp.
You closely miss Sigmund.
Sigmund is lightly wounded.
You block Sigmund's attack.
You claw Sigmund!
Sigmund is moderately wounded.
Sigmund casts a spell at you.
You are confused.
Sigmund points at you and mumbles some strange words.
The magic dart hits you!
* * * LOW HITPOINT WARNING * * *
You take 6 damage, and have 17/45 hp.
Sigmund closely misses you.
There is a stone staircase leading up, spattered with blood here.
It was a potion of flight.
You feel very buoyant.
You fly up into the air.
Sigmund hits you from afar with a +0 scythe!
* * * LOW HITPOINT WARNING * * *
You take 10 damage, and have 8/45 hp.
MASSIVE DAMAGE!!
It was a potion of brilliance.
You feel clever all of a sudden. Sigmund casts a spell at you.
The puff of flame hits you.
* * * LOW HITPOINT WARNING * * *
You take 4 damage, and have 4/45 hp.
It was a potion of haste.
You feel yourself speed up. Sigmund casts a spell at you.
You resist with some effort.
You feel very mighty all of a sudden. Sigmund hits you with a +0 scythe!
You die...

..██ ... .█. ..
... █.. .. ..█
..█. !..██ ...
....[ ████.█
....██
███....██......
█.....<....J...
██.....@......█
█.....███@.█..██
....█. ..█ ..█
.██ █ .... .
.███. .█ .. ██ .


You could see Sigmund and an endoplasm.

Vanquished Creatures
  An orc priest (D:2)
  2 adders (D:2)
  2 worms (D:2)
  2 dart slugs
  3 orcs (D:2)
  9 ball pythons
  8 bats
  11 endoplasms
  2 giant cockroaches
  3 goblins
  7 hobgoblins
  4 jackals (D:2)
  5 quokkas
  2 frilled lizards
  3 kobolds
  4 rats
68 creatures vanquished.

Notes
Turn   | Place    | Note
-------+----------+-------------------------------------------
     0 | D:1      | Goblin1989 the Troll Fighter began the quest for the Orb.
     0 | D:1      | Reached XP level 1. HP: 22/22 MP: 0/0
   154 | D:1      | Reached XP level 2. HP: 29/29 MP: 1/1
   331 | D:1      | Reached XP level 3. HP: 36/36 MP: 2/2
   427 | D:1      | Found a faded altar of an unknown god.
   820 | D:2      | Reached XP level 4. HP: 41/44 MP: 3/3
  1666 | D:3      | Noticed Sigmund
  1807 | D:3      | Slain by Sigmund

Illustrated notes

Levels and vault maps discovered:
D:1:      dpeg_arrival_boxes_within_box, layout_basic, basic_ecumenical_altar
D:2:      minmay_general_purpose_star, layout_basic, minmay_puff
D:3:      layout_rooms, chequers_serial_rivers_room_b, minmay_misc_feat_hallway,
          moated_statue, grunt_decor_clamped, uniq_sigmund

Skill      XL: |  1  2  3  4 |
---------------+-------------+-----
Unarmed Combat | 3 |  3.5
Shields        | 3 |  3.0
Fighting       | 3 |  3.0
Dodging        | 3 |  3.0

Action                   |  1- 3 |  4- 6 || total
-------------------------+-------+-------++-------
Melee: Unarmed           |   121 |    60 ||   181
  Use: Potion            |       |     4 ||     4
Armor: Robe              |    36 |    19 ||    55
Dodge: Dodged            |    48 |    32 ||    80
Block: Kite shield       |    61 |    23 ||    84

Table legend: (Time is in decaauts)
 A = Elapsed time spent in this place.
 B = Non-inter-level travel time spent in this place.
 C = Inter-level travel time spent in this place.
 D = Time resting spent in this place.
 E = Time spent auto-exploring this place.
 F = Levels seen in this place.
 G = Mean time per level.
                   A        B        C        D        E       F      G
               +--------+--------+--------+--------+--------+-----+--------+
         Total |   1839 |   1756 |     83 |     66 |   1176 |   3 |  613.0 |
       Dungeon |   1839 |   1756 |     83 |     66 |   1176 |   3 |  613.0 |
               +--------+--------+--------+--------+--------+-----+--------+

Top non-repeatable levels by time:
     D:2: 1257 daAuts
     D:1: 542 daAuts
     D:3: 39 daAuts
